 Dungeon Crawl Stone Soup version 0.26.1-11-gd32895ea62 (webtiles) character file.

Game seed: 11342272126927060899

63 Zeld the Covert (level 3, -2/17 HPs)
             Began as a Felid Delver on June 7, 2021.
             Was an Initiate of Qazlal.
             Slain by a goblin (3 damage)
             ... led by Robin
             ... on level 2 of the Dungeon.
             The game lasted 00:01:06 (625 turns).

Zeld the Covert (Felid Delver)                       Turns: 625, Time: 00:01:06

Health: -2/17      AC:  1    Str:  9    XL:     3   Next: 89%
Magic:  4/4        EV: 18    Int: 11    God:    Qazlal [......]
Gold:   39         SH:  0    Dex: 17    Spells: 2/2 levels left
                                        Lives:  0   Deaths: 1

rFire    . . .     SeeInvis +     - Unarmed
rCold    . . .     Faith    .   (shield unavailable)
rNeg     . . .     Spirit   .   (armour unavailable)
rPois    .         Reflect  .   (helmet unavailable)
rElec    .         Harm     .   (cloak unavailable)
rCorr    .         Rampage  .   (gloves unavailable)
Will     .....                  (boots unavailable)
Stlth    ++++......             (no amulet)
HPRegen  0.05/turn              (no ring)
MPRegen  0.09/turn              (no ring)

@: quick
A: very small, no armour, no weapons or thrown items, stealth, claws 1, fangs 3,
see invisible, speed 1, shaggy fur 1, sharp paws
a: Renounce Religion


You were on level 2 of the Dungeon.
You worshipped Qazlal.
Qazlal was noncommittal.
You visited 1 branch of the dungeon, and saw 5 of its levels.

You collected 39 gold pieces.

Inventory:

Wands
 e - a wand of digging (3)
Scrolls
 a - a scroll of fog
 b - a scroll of magic mapping
 c - a scroll of fear
Potions
 d - a potion of haste


   Skills:
 * Level 3.5 Fighting
 - Level 3.0 Dodging
 + Level 8.5 Stealth
 * Level 2.5 Unarmed Combat


You had 2 spell levels left.
You didn't know any spells.
Your spell library was empty.

Dungeon Overview and Level Annotations

Branches:
Dungeon (6/15)
 Temple: D:4-7

Altars:
Qazlal

Annotations:
D:2 Robin
D:5 Grinder
D:6 Duvessa


Innate Abilities, Weirdness & Mutations

You cannot wear armour.
You are incapable of wielding weapons or throwing items.
Your paws allow you to move quietly. (Stealth)
You have sharp claws.
You have razor-sharp teeth.
You have supernaturally acute eyesight. (SInv)
You cover ground quickly.
You are covered in fur. (AC +1)
Your sharp claws are effective at attacking unaware monsters.


Message History

You scratch the goblin.
The goblin is severely wounded.
The goblin hits you but does no damage.
The goblin hits you with a +2 dagger of flaming.
* * * LOW HITPOINT WARNING * * *
The goblin burns you.
* * * LOW HITPOINT WARNING * * *
You scratch the goblin.
You kill the goblin!
Qazlal accepts your kill.
The goblin no longer looks unusually strong. x2
Found 24 sling bullets.
A bat comes into view.
A goblin comes into view. It is wielding a +0 club.
The goblin shouts!
The goblin barely misses you. The goblin closely misses you.
You closely miss the goblin. The goblin hits you.
* * * LOW HITPOINT WARNING * * *
The goblin hits you.
You die...

#....#.#####.#.#
#.# #g# #.# #.
#g# ###.# #..#.#
#...# #..#.#
#.###
#####.#.###.###
........#..g..#
######..#g#g#.#
.....g.g@.#)#.#
#.......###g# #
.......># #.#
#.......###.#
#.g......).)#
#.########### #.


You could see Robin and 6 goblins.

Vanquished Creatures
  A phantom (D:5)
  A worker ant zombie (D:3)
  A dart slug (D:3)
  A leopard gecko (D:4)
  2 giant cockroaches
  2 goblins (D:2)
  A hobgoblin (D:2)
  2 kobolds (D:3)
11 creatures vanquished.

Notes
Turn   | Place    | Note
-------+----------+-------------------------------------------
     0 | D:5      | Zeld the Felid Delver began the quest for the Orb.
     0 | D:5      | Reached XP level 1. HP: 10/10 MP: 2/2
     1 | D:6      | Noticed Duvessa
     9 | D:5      | Became a worshipper of Qazlal Stormbringer
    12 | D:5      | Noticed a phantom
    23 | D:5      | Killed a phantom
    24 | D:5      | Reached skill level 8 in Stealth
    24 | D:5      | Reached XP level 2. HP: 14/14 MP: 3/3
    24 | D:5      | Reached XP level 3. HP: 17/17 MP: 4/4
    24 | D:5      | Reached XP level 4. HP: 21/21 MP: 5/5
    62 | D:5      | Noticed Grinder
    71 | D:5      | Paralysed by Grinder for 5 turns
    94 | D:4      | Noticed a phantom
    98 | D:4      | Noticed a phantom
   130 | D:3      | Noticed a black bear
   141 | D:3      | Slain by an adder
   142 | D:3      | Reached XP level 3. HP: 0/17 MP: 4/4
   582 | D:2      | Noticed Robin
   625 | D:2      | Slain by a goblin

Illustrated notes

Levels and vault maps discovered:
D:2:      layout_basic, uniq_robin
D:3:      layout_loops_corners, uniq_jessica, uniq_terence
D:4:      layout_cave_pools, nemelex_xobeh_ov_fountains_minmay,
          lemuel_coloured_pillars_altar, kennysheep_mini_moat, serial_shops,
          kennysheep_mini
D:5:      lemuel_ratsnest, layout_loops_ring, nicolae_ru_path_of_blood,
          basic_altar, nrook_mini_backslash, uniq_grinder, uniq_blork_the_orc
D:6:      layout_rooms, serial_glass, glass_columns_a, glass_columns_a,
          glass_columns_b, glass_columns_a, uniq_duvessa

Skill      XL: |  1  2  3 |
---------------+----------+-----
Stealth        | 8 |  8.5
Dodging        | 3 |  3.0
Fighting       | |  3.5
Unarmed Combat | |  2.5

Action                   |  1- 3 |  4- 6 || total
-------------------------+-------+-------++-------
Melee: Unarmed           |    34 |    14 ||    48
       Bite              |     6 |     2 ||     8
       Punch             |     2 |       ||     2
 Stab: Sleeping          |     2 |     2 ||     4
Armor: Skin              |       |     1 ||     1
Dodge: Dodged            |    22 |    11 ||    33
